 Dungeon Crawl Stone Soup version 0.29-a0-584-gb10a8bf730 (webtiles) character file.

Game seed: 6754318435704948541

66 KristoblXynda the Slasher (level 3, -1/31 HPs)
             Began as a Draconian Gladiator on June 15, 2022.
             Slain by Natasha (6 damage)
             ... on level 2 of the Dungeon.
             The game lasted 00:01:13 (1744 turns).

KristoblXynda the Slasher (Draconian Gladiator)     Turns: 1744, Time: 00:01:14

Health: -1/31      AC:  5    Str: 16    XL:     3   Next: 96%
Magic:  3/3        EV: 13    Int:  8    God:
Gold:   85         SH:  0    Dex: 14    Spells: 2/2 levels left

rFire   . . .      SeeInvis .   a - +0 long sword
rCold   . . .      Faith    .   h - orb {*channel}
rNeg    . . .      Spirit   .   (body armour unavailable)
rPois   .          Reflect  .   b - +0 hat
rElec   .          Harm     .   (no cloak)
rCorr   .          Rampage  .   (no gloves)
Will    .....                   (no boots)
Stlth   +.........              (no amulet)
HPRegen 0.10/turn               (no ring)
MPRegen 0.08/turn               (no ring)

@: slowed, very slow
A: AC +5, unfitting armour, cold-blooded, antennae 1, evolution 1
a: no special abilities


You were on level 2 of the Dungeon.
You visited 1 branch of the dungeon, and saw 2 of its levels.

You collected 85 gold pieces.

Inventory:

Hand Weapons
 a - a +0 long sword (weapon)
Missiles
 c - 3 throwing nets (quivered)
 d - a javelin
Armour
 b - a +0 hat (worn)
 h - an orb of energy (worn)
Jewellery
 p - a ring of resist corrosion
Scrolls
 e - 2 scrolls of magic mapping {unknown}
 g - a scroll of noise {unknown}
 j - a scroll of vulnerability {unknown}
 l - a scroll of teleportation {unknown}
 n - a scroll of acquirement {unknown}
 q - a scroll of immolation {unknown}
Potions
 f - 2 potions of mutation
 i - a potion of might {unknown}
 k - a potion of lignification {unknown}
 m - 2 potions of degeneration {unknown}
 o - a potion of curing {unknown}


   Skills:
 + Level 3.0 Fighting
 * Level 3.8 Long Blades
 - Level 2.0 Throwing
 + Level 3.2 Dodging


You had 2 spell levels left.
You didn't know any spells.
Your spell library was empty.

Dungeon Overview and Level Annotations

Branches:
Dungeon (2/15)

Altars:

Annotations:
D:2 Natasha


Innate Abilities, Weirdness & Mutations

Your plain brown scales are hard. (AC +5)
You cannot fit into any form of body armour.
You are cold-blooded and may be slowed by cold attacks.
You have a pair of small antennae on your head.
You have hidden genetic potential.


Message History

Natasha misses you.
Natasha stares at you and mumbles some strange words.
The magic dart hits you!
You are too injured to fight recklessly!
You are too injured to fight recklessly!
You are too injured to fight recklessly!
You are too injured to fight recklessly!
You are too injured to fight recklessly!
You are too injured to fight recklessly!
You are too injured to fight recklessly!
You are too injured to fight recklessly!
You are too injured to fight recklessly!
You are too injured to fight recklessly!
You are too injured to fight recklessly!
You are too injured to fight recklessly!
You are too injured to fight recklessly!
You are too injured to fight recklessly!
Unknown command.
Unknown command.
You hit Natasha but do no damage.
Natasha is lightly wounded.
Natasha claws you. Natasha closely misses you.
You hit Natasha but do no damage.
Natasha is lightly wounded.
Natasha claws you.
Natasha mumbles some strange words.
You feel troubled. Natasha closely misses you.
You hit Natasha.
Natasha is moderately wounded.
Natasha claws you but does no damage. Natasha casts a spell at you.
The magic dart hits you.
* * * LOW HITPOINT WARNING * * *
Unknown command.
It was a potion of mutation.
You feel extremely strange. A pair of antennae grows on your head!
You feel a hidden potential growing inside you.
Natasha claws you.
You die...

#.)........#
###......###
.........#
###.###.##
#. #.# #.
#.#
#.###.#####
#.........#
#..##.###@#
#. #.# #h# #
..# #.# .###
#.# .. #.#
#. #.# #.
#.# #.#


You could see Natasha.

Vanquished Creatures
  2 adders (D:2)
  A worm (D:2)
  2 dart slugs (D:1)
  3 bats
  3 endoplasms
  2 giant cockroaches
  5 hobgoblins
  4 jackals (D:2)
  A quokka (D:1)
  5 ball pythons
  3 frilled lizards (D:1)
  2 kobolds
  7 rats
40 creatures vanquished.

Notes
Turn   | Place    | Note
-------+----------+-------------------------------------------
     0 | D:1      | KristoblXynda the Draconian Gladiator began the quest for
                  | the Orb.
     0 | D:1      | Reached XP level 1. HP: 17/17 MP: 1/1
   278 | D:1      | Reached XP level 2. HP: 22/25 MP: 2/2
   813 | D:1      | Found a faded altar of an unknown god.
  1300 | D:2      | Reached XP level 3. HP: 30/30 MP: 3/3
  1734 | D:2      | Noticed Natasha
  1744 | D:2      | Gained mutation: You have a pair of small antennae on your
                  | head. [potion of mutation]
  1744 | D:2      | Gained mutation: You have hidden genetic potential. [potion
                  | of mutation]
  1744 | D:2      | Slain by Natasha

Illustrated notes

Levels and vault maps discovered:
D:1:      minmay_arrival_cross, layout_loops_ring, serial_forest,
          infiniplex_forest_diagonal, infiniplex_forest_straight_3,
          infiniplex_forest_straight_1, infiniplex_forest_clump_diagonal,
          infiniplex_forest_straight_4, infiniplex_forest_zigzag_1,
          hellmonk_ecumenical_altar_inner_sanctum, skrybe_limestone_x,
          minivault_27, minmay_tromino_v4_c
D:2:      layout_loops_ring, uniq_natasha

Skill      XL: |  1  2  3 |
---------------+----------+-----
Throwing       | 2 |  2.0
Dodging        | 3 |  3.2
Fighting       | 3 |  3.0
Long Blades    | |  3.8

Action                   || total
-------------------------++-------
Melee: Long sword        ||   110
       Tailslap          ||    13
  Use: Potion            ||     1
 Stab: Sleeping          ||     1
Armor: Skin              ||    29
Dodge: Dodged            ||    95

Table legend: (Time is in decaauts)
 A = Elapsed time spent in this place.
 B = Non-inter-level travel time spent in this place.
 C = Inter-level travel time spent in this place.
 D = Time resting spent in this place.
 E = Time spent auto-exploring this place.
 F = Levels seen in this place.
 G = Mean time per level.
                   A        B        C        D        E       F      G
               +--------+--------+--------+--------+--------+-----+--------+
         Total |   1779 |   1745 |     34 |    159 |   1303 |   2 |  889.5 |
       Dungeon |   1779 |   1745 |     34 |    159 |   1303 |   2 |  889.5 |
               +--------+--------+--------+--------+--------+-----+--------+

Top non-repeatable levels by time:
     D:1: 1305 daAuts
     D:2: 474 daAuts
